 Dungeon Crawl Stone Soup version 0.28-a0-1447-ga5a8893891 (webtiles) character file.

Game seed: 15888800423856958794

4111 lunkers the Martial Artist (level 10, -9/100 HPs)
             Began as a Naga Transmuter on Jan 10, 2022.
             Was a Priest of Jiyva.
             Mangled by an orc knight (27 damage)
             ... in a bailey.
             The game lasted 00:12:51 (8518 turns).

lunkers the Martial Artist (Naga Transmuter)        Turns: 8518, Time: 00:12:51

Health: -9/100     AC:  6    Str: 13    XL:     10   Next: 26%
Magic:  13/13      EV: 10    Int: 16    God:    Jiyva [***...]
Gold:   305        SH:  0    Dex: 13    Spells: 3/13 levels left

rFire   x . .      SeeInvis +     - Unarmed
rCold   + + +      Faith    .   (shield currently unavailable)
rNeg    . . .      Spirit   .   (armour currently unavailable)
rPois   +          Reflect  .   (helmet currently unavailable)
rElec   .          Harm     .   (cloak currently unavailable)
rCorr   +          Rampage  .   (gloves currently unavailable)
Will    +....                   (no barding)
Stlth   +.........              (no amulet)
HPRegen 1.38/turn               b - ring of wizardry
MPRegen 0.48/turn               (no ring)

@: ice-form
A: freezing attack, amphibious, boosted hp, AC +3, large, see invisible,
(deformed body), (poison resistance), (slowness 2), spit poison 1, (naga tail
1), (eyeballs 3), (tendrils)
a: Spit Poison, End Transformation, Renounce Religion, Oozemancy


You were in a bailey.
You worshipped Jiyva.
Jiyva was most pleased with you.
You were a creature of crystalline ice.
You visited 1 branch of the dungeon, and saw 8 of its levels.
You also visited: Sewer and Bailey.

You collected 405 gold pieces.
You spent 100 gold pieces at shops.

Inventory:

Missiles
 v - 10 boomerangs
Armour
 j - a +0 helmet (melded)
 k - a +2 cloak (melded)
 l - a +2 robe of fire resistance (melded)
 s - +0 steam dragon scales
Jewellery
 b - a ring of wizardry (left front paw)
 o - a ring of ice
Wands
 a - a wand of mindburst (12)
 t - a wand of iceblast (5)
 u - a wand of acid (10)
Scrolls
 h - a scroll of amnesia
 w - a scroll of blinking
 x - a scroll of enchant armour {unknown}
Potions
 c - a potion of resistance
 d - 3 potions of curing
 e - a potion of haste
 f - 3 potions of heal wounds
 g - a potion of lignification
 i - 3 potions of might
 m - 2 potions of flight
 n - a potion of attraction {unknown}
 p - 2 potions of magic {unknown}
 q - a potion of cancellation {unknown}
 r - a potion of invisibility


   Skills:
 + Level 3.1 Fighting
 - Level 1.5 Dodging
 * Level 11.9 Unarmed Combat
 - Level 2.0 Spellcasting
 + Level 8.6 Transmutations
 - Level 1.0 Poison Magic


You had 3 spell levels left.
You knew the following spells:

 Your Spells              Type           Power      Damage    Failure   Level
c - Spider Form           Tmut/Pois      17%        N/A       3%          3
d - Wereblood             Tmut           29%        N/A       1%          2
e - Ice Form              Ice/Tmut       15%        N/A       14%         4
p - Beastly Appendage     Tmut           58%        N/A       1%          1

Your spell library contained the following spells:

 Spells                   Type           Power      Damage    Failure   Level


Dungeon Overview and Level Annotations

Branches:
Dungeon (8/15)             Temple (0/1) D:5           Sewer (visited)
 Bailey (1/1)
   Lair: D:8-11

Altars:
Ashenzari
Dithmenos
Elyvilon
Hepliaklqana
Makhleb
Nemelex Xobeh
Trog
Uskayaw
Vehumet
Yredelemnul
Zin
The Shining One

Shops:
D:3 *   D:6 *

Annotations:
Bailey 3 runed translucent doors


Innate Abilities, Weirdness & Mutations

You are a creature of crystalline ice.
You have a powerful freezing melee attack.
You are amphibious.
Your maximum health is increased.
Your armour is entirely melded.
You are incapable of wielding weapons or throwing items.
((Your serpentine skin is tough. (AC +3)))
You have supernaturally acute eyesight. (SInv)
((Armour fits poorly on your strangely shaped body.))
((Your system is resistant to poisons. (rPois)))
((You cover ground very slowly.))
You can spit poison.
((You have a snake-like lower body.))
((Your body is covered in eyes which may confuse attackers. (Acc +7, SInv)))
((You are covered in slimy tendrils that may disarm your opponents.))


Message History

An orc knight comes into view. It is wielding a +0 broad axe.
Found a fizzy silvery potion.
An orc comes into view. It is wielding a +0 hand axe.
The orc knight shouts!
An orc warrior comes into view. It is wielding a +0 hand axe.
The kobold shouts!
The kobold throws a boomerang.
The boomerang barely misses you.
Found a scroll of fog.
You punch the orc knight! You freeze the orc knight.
The orc knight is lightly wounded.
The orc knight hits you with a +0 broad axe!
You hit the orc knight. You freeze the orc knight.
The orc knight is moderately wounded.
The orc knight hits you with a +0 broad axe!
You hit the orc knight. You freeze the orc knight.
The orc knight is moderately wounded.
The orc knight hits you with a +0 broad axe!!
* * * LOW HITPOINT WARNING * * *
You barely miss the orc knight.
The orc knight is moderately wounded.
The orc knight hits you with a +0 broad axe!
* * * LOW HITPOINT WARNING * * *
You barely miss the orc knight.
The orc knight is moderately wounded.
The kobold barely misses you.
The orc warrior hits you with a +0 hand axe.
* * * LOW HITPOINT WARNING * * *
You punch the orc knight! You freeze the orc knight.
The orc knight is heavily wounded.
The orc knight roars a battlecry!
The orcs go into a battle-frenzy!
The orc hits you with a +0 hand axe.
* * * LOW HITPOINT WARNING * * *
You pummel the orc knight!! You freeze the orc knight.
The orc knight is almost dead.
The orc warrior hits you with a +0 hand axe!!
* * * LOW HITPOINT WARNING * * *
The kobold hits you but does no damage.
The orc knight hits you with a +0 broad axe!!
You die...

##### #### ##...## #.$!##
##.....## ##.....##
##.......#######.K.....#
#..8..8.........Yo8..8.?
................oo......
........................
...8......#+++#......8..
#......####≈≈≈####......
##.....#≈≈≈≈≈≈≈≈o#.....#
.##....#≈.8...8.≈#....##
..###†###.......###'###..♣
..≈≈))# ≈.8...8.o≈#.≈≈≈..


You could see an orc warlord, an orc knight, an orc warrior (strong), an orc
(strong) and a kobold.

Vanquished Creatures
  An orc knight (Bailey)
  An ugly thing (D:7)
  Sigmund (D:2)
  A steam dragon (D:7)
  3 water moccasins
  3 orc warriors (Bailey)
  A black bear (D:4)
  An ice beast (D:6)
  A sky beast (D:7)
  A necrophage (D:4)
  2 ogres
  A centaur (D:6)
  2 bullfrogs
  2 scorpions
  A water moccasin zombie (D:7)
  A wyvern skeleton (D:6)
  6 killer bees
  3 wights (D:7)
  A bullfrog zombie (D:7)
  A hound (D:6)
  4 orc priests
  A centaur skeleton (D:6)
  A jelly (Sewer)
  5 orc wizards
  Ijyb (D:3)
  4 iguanas
  A killer bee zombie (D:7)
  A hound skeleton (D:4)
  Robin (D:2)
  9 adders
  A howler monkey skeleton (D:6)
  2 river rats (Sewer)
  A shadow imp (D:7)
  An ufetubus (D:6)
  An adder skeleton (D:4)
  2 worms (D:4)
  3 dart slugs
  26 orcs
  4 bats
  13 endoplasms
  10 giant cockroaches
  18 goblins
  8 hobgoblins
  9 jackals
  9 quokkas
  12 ball pythons
  6 frilled lizards
  11 kobolds
  6 rats
  A spectral kobold (D:6)
  A spectral orc (D:3)
207 creatures vanquished.

Vanquished Creatures (others)
  Maggie (D:6)
  The ghost of riojii the Skirmisher, an amateur DsBe of Trog (D:4)
  An ice beast (D:6)
  A necrophage (D:7)
  A wyvern zombie (D:5)
  A bullfrog (D:7)
  14 jellies
  2 hounds
  A gnoll shaman (D:7)
  An iguana (D:5)
  3 gnolls (D:7)
  2 adders
  A white imp (D:6)
  An ufetubus (D:7)
  6 orcs
  A plant (D:3)
38 creatures vanquished.

Grand Total: 245 creatures vanquished

Notes
Turn   | Place    | Note
-------+----------+-------------------------------------------
     0 | D:1      | lunkers the Naga Transmuter began the quest for the Orb.
     0 | D:1      | Reached XP level 1. HP: 18/18 MP: 3/3
   143 | D:1      | Reached XP level 2. HP: 25/25 MP: 3/5
  1007 | D:1      | Reached skill level 4 in Unarmed Combat
  1051 | D:1      | Reached XP level 3. HP: 23/31 MP: 4/6
  1085 | D:1      | Learned a level 3 spell: Spider Form
  1995 | D:2      | Reached skill level 1 in Poison Magic
  2127 | D:2      | Noticed Robin
  2128 | D:2      | Reached XP level 4. HP: 36/38 MP: 5/7
  2144 | D:2      | Killed Robin
  2739 | D:2      | Noticed Sigmund
  2749 | D:2      | Killed Sigmund
  2750 | D:2      | Reached skill level 5 in Unarmed Combat
  2750 | D:2      | Reached XP level 5. HP: 17/44 MP: 4/8
  2750 | D:2      | Reached XP level 6. HP: 20/51 MP: 4/9
  3385 | D:3      | Noticed Ijyb
  3398 | D:3      | Killed Ijyb
  3861 | D:3      | Noticed a water moccasin
  3870 | D:3      | Killed a water moccasin
  3871 | D:3      | Reached skill level 6 in Unarmed Combat
  4009 | D:3      | Found a white marble altar of Elyvilon.
  4122 | D:3      | Found Rixzis's General Store.
  4130 | D:3      | Bought 2 potions of heal wounds for 100 gold pieces
  4161 | D:3      | Found a basalt altar of Yredelemnul.
  4293 | D:3      | Reached XP level 7. HP: 57/57 MP: 6/10
  4330 | D:3      | Found a radiant altar of Vehumet.
  4395 | D:4      | Found a sparkling altar of Nemelex Xobeh.
  4424 | D:4      | Reached skill level 5 in Transmutations
  4763 | D:4      | Found a runed translucent door.
  4763 | D:4      | Noticed riojii's ghost (amateur DsBe)
  4772 | D:4      | Reached skill level 7 in Unarmed Combat
  4864 | D:4      | Found a glowing drain.
  4869 | Sewer    | Entered a sewer
  5224 | Sewer    | Found a viscous altar of Jiyva.
  5294 | Sewer    | Became a worshipper of Jiyva Jyhyisyn the Shapeless
  5575 | D:4      | Noticed a +0 hand axe
  5577 | D:4      | Noticed a +0 dagger
  5601 | D:4      | Found a hide-covered altar of Uskayaw.
  5814 | D:4      | Reached XP level 8. HP: 45/64 MP: 9/11
  6074 | D:4      | Killed riojii's ghost
  6075 | D:4      | Reached skill level 8 in Unarmed Combat
  6176 | D:5      | Entered Level 5 of the Dungeon
  6282 | D:5      | Noticed an Executioner
  6283 | D:5      | Found a burning altar of Makhleb.
  6287 | D:5      | Found a glowing silver altar of Zin.
  6287 | D:5      | Noticed an angel
  6294 | D:5      | Reached * piety under Jiyva
  6316 | D:5      | Learned a level 2 spell: Wereblood
  6321 | D:5      | Learned a level 4 spell: Ice Form
  6390 | D:5      | Found a bloodstained altar of Trog.
  6406 | D:5      | Found a shadowy altar of Dithmenos.
  6431 | D:5      | Found a staircase to the Ecumenical Temple.
  6779 | D:6      | Found Waovyneb's Gadget Gallery.
  6811 | D:6      | Reached skill level 9 in Unarmed Combat
  6853 | D:6      | Reached ** piety under Jiyva
  6860 | D:6      | Found a glowing golden altar of the Shining One.
  6923 | D:6      | Noticed Maggie
  6930 | D:6      | Killed Maggie
  6931 | D:6      | Reached XP level 9. HP: 70/70 MP: 10/12
  7136 | D:6      | Reached skill level 10 in Unarmed Combat
  7225 | D:6      | Found a hazy altar of Hepliaklqana.
  7361 | D:7      | Found a broken altar of Ashenzari.
  7708 | D:7      | Reached *** piety under Jiyva
  7714 | D:7      | Noticed a cyan ugly thing
  7725 | D:7      | Killed a green ugly thing
  7726 | D:7      | Reached skill level 11 in Unarmed Combat
  7839 | D:7      | Gained mutation: You are covered in slimy tendrils that may
                  | disarm your opponents. [Jiyva's grace]
  7839 | D:7      | Gained mutation: Your body has grown eyes which may confuse
                  | attackers. (Acc +3) [Jiyva's grace]
  7839 | D:7      | Gained mutation: Your body has grown many eyes which may
                  | confuse attackers. (Acc +5) [Jiyva's grace]
  7839 | D:7      | Gained mutation: Your body is covered in eyes which may
                  | confuse attackers. (Acc +7, SInv) [Jiyva's grace]
  8076 | D:8      | Reached XP level 10. HP: 14/80 MP: 13/13
  8270 | D:8      | Found a flagged portal.
  8281 | Bailey   | Entered a bailey
  8286 | Bailey   | Noticed an orc warlord
  8418 | Bailey   | Noticed an orc knight
  8432 | Bailey   | Killed an orc knight
  8494 | Bailey   | Found a runed translucent gate.
  8494 | Bailey   | Found a runed translucent gate.
  8494 | Bailey   | Found a runed translucent gate.
  8508 | Bailey   | Noticed an orc knight
  8518 | Bailey   | Mangled by an orc knight

Illustrated notes

Levels and vault maps discovered:
D:1:      roderic_chinese_lattice_arrival, layout_basic
D:2:      layout_basic, uniq_sigmund, uniq_robin
D:3:      layout_rooms, yredelemnul_forgotten_temple_becter,
          nicolae_elyvilon_temple_path, mainiacjoe_overflow_alcove_4,
          serial_shops, shop, hangedman_abyss_or_decor_stabs, uniq_ijyb
D:4:      layout_basic, dancing_weapons_uskayaw,
          mainiacjoe_overflow_concentric_impassable, ebering_ghost_sewer_d,
          gup_sewer_entry_bowl, kennysheep_small_spiral, minivault_1
D:5:      layout_rooms, grunt_temple_overflow_order_and_chaos_2,
          mainiacjoe_overflow_large_starburst, temple_statues
D:6:      layout_rooms, amcnicky_altar_gilded,
          nicolae_hepliaklqana_monster_ancestors, serial_curves, eino_curves_03,
          eino_curves_01, eino_curves_03, nicolae_shop_gadgets, uniq_maggie
D:7:      layout_basic, ashenzari_altar_1, supply_closet_lemuel
D:8:      layout_loops_cross, enter_bailey_3, serial_glass, glass_columns_a,
          glass_columns_a, hex_medium
Bailey:   bailey_axe_bossmonster_kennysheep, bailey

Skill      XL: |  1  2  3  4  5  6  7  8  9 10 |
---------------+-------------------------------+-----
Unarmed Combat | 4 5 6 7 9 11 | 11.9
Poison Magic   | 1 |  1.0
Transmutations | 4 5 7 8 |  8.6
Fighting       | 2 3 |  3.1
Dodging        | |  1.5
Spellcasting   | |  2.0

Action                   |  1- 3 |  4- 6 |  7- 9 | 10-12 || total
-------------------------+-------+-------+-------+-------++-------
Melee: Unarmed           |   140 |   127 |   323 |    50 ||   640
       Headbutt          |    14 |       |       |       ||    14
       Punch             |     6 |     1 |     4 |       ||    11
 Cast: Beastly Appendage |    23 |       |       |       ||    23
       Spider Form       |       |    19 |    20 |       ||    39
       Ice Form          |       |       |    18 |     7 ||    25
       Wereblood         |       |       |     1 |       ||     1
  Use: Scroll            |       |     7 |     6 |       ||    13
 Stab: Sleeping          |       |       |     1 |       ||     1
Armor: Robe              |    42 |     4 |    27 |     1 ||    74
       Animal skin       |       |     4 |       |       ||     4
       Skin              |       |     8 |    42 |    10 ||    60
Dodge: Dodged            |    88 |    85 |   227 |    20 ||   420

Table legend: (Time is in decaauts)
 A = Elapsed time spent in this place.
 B = Non-inter-level travel time spent in this place.
 C = Inter-level travel time spent in this place.
 D = Time resting spent in this place.
 E = Time spent auto-exploring this place.
 F = Levels seen in this place.
 G = Mean time per level.
                   A        B        C        D        E       F      G
               +--------+--------+--------+--------+--------+-----+--------+
         Total |  10004 |   9802 |    202 |    475 |   7591 |  10 | 1000.4 |
       Dungeon |   9124 |   8922 |    202 |    457 |   7098 |   8 | 1140.5 |
         Sewer |    638 |    638 |      0 |      0 |    417 |   1 |  638.0 |
        Bailey |    241 |    241 |      0 |     18 |     74 |   1 |  241.0 |
               +--------+--------+--------+--------+--------+-----+--------+

Top non-repeatable levels by time:
     D:1: 2253 daAuts
     D:2: 1646 daAuts
     D:4: 1559 daAuts
     D:3: 1152 daAuts
     D:7: 861 daAuts
     D:5: 705 daAuts
     D:6: 661 daAuts
   Sewer: 638 daAuts
     D:8: 284 daAuts
  Bailey: 241 daAuts
